 Dungeon Crawl Stone Soup version 0.19.0-2-gae57169 (webtiles) character file.

72 kae the Insei (level 4, 0/35 HPs)
             Began as a Draconian Transmuter on Nov 4, 2016.
             Succumbed to an adder's poison
             ... on level 2 of the Dungeon.
             The game lasted 00:02:04 (1739 turns).

kae the Insei (Draconian Transmuter)                Turns: 1739, Time: 00:02:05

Health: 0/35       AC:  7    Str: 17    XL:     4   Next: 7%
Magic:  6/7        EV: 17    Int: 13    God:
Gold:   104        SH:  4    Dex: 18    Spells: 1 memorised, 6 levels left

rFire  . . .     SeeInvis .       - Unarmed
rCold  . . .     Gourm    .     (armour unavailable)
rNeg   . . .     Faith    .     l - +0 buckler (curse)
rPois  .         Spirit   .     (helmet restricted)
rElec  .         Reflect  .     (no cloak)
rCorr  .         Harm     .     e - +1 pair of gloves
MR     .....                    (no boots)
Stlth  +++.......               (no amulet)
                                (no ring)
                                (no ring)

@: mighty, agile, lethally poisoned (0 -> -4)
A: unfitting armour, cold-blooded, AC +5
a: no special abilities


You were on level 2 of the Dungeon.
You were not hungry.

You visited 1 branch of the dungeon, and saw 2 of its levels.

You collected 104 gold pieces.

Inventory:

Missiles
 a - 49 arrows
Armour
 e - a +1 pair of gloves (worn)
 l - a cursed +0 buckler (worn)
Jewellery
 n - an uncursed ring of protection from magic {unknown}
Scrolls
 f - a scroll of fear
 j - 2 scrolls of identify
 p - a scroll of enchant armour
Potions
 g - a potion of agility
Books
 b - a book of Changes

   Spells                             Type                      Level
   a - Beastly Appendage              Transmutation                1
   b - Sticks to Snakes               Transmutation                2
   c - Spider Form                    Transmutation/Poison         3
   d - Ice Form                       Ice/Transmutation            4
   e - Blade Hands                    Transmutation                5
Comestibles
 c - a bread ration
 d - a royal jelly
 i - a slice of pizza
 k - 3 chunks of flesh


   Skills:
 - Level 1.1 Fighting
 - Level 1.7 Dodging
 * Level 4.9 Unarmed Combat
 - Level 2.0 Spellcasting
 + Level 2.0 Transmutations


You had 6 spell levels left.
You knew the following spells:

 Your Spells              Type           Power        Failure   Level  Hunger
a - Beastly Appendage     Tmut           #.....       21%         1    ##.....


Dungeon Overview and Level Annotations

Branches:
Dungeon (2/15)

Altars:
Dithmenos


Innate Abilities, Weirdness & Mutations

Your plain brown scales are hard. (AC +5)
You cannot fit into any form of body armour.
You are cold-blooded and may be slowed by cold attacks.


Message History

You kill the adder!
You have reached level 4!
You feel agile.
* * * LOW HITPOINT WARNING * * *
You feel sick.
There is a lethal amount of poison in your body!
There is a lethal amount of poison in your body!
There is a lethal amount of poison in your body!
There is a lethal amount of poison in your body!
You feel agile all of a sudden.
* * * LOW HITPOINT WARNING * * *
You feel sick.
There is a lethal amount of poison in your body!
As you read the scroll labeled YLUTUA JOROO, it crumbles to dust.
It is a scroll of enchant weapon.
You aren't carrying any weapons that can be enchanted.
As you read the scroll labeled TISKASOWIS, it crumbles to dust.
It is a scroll of enchant armour.
Your +0 pair of gloves glows green for a moment.
You die...

.# .### #........#
.>.# #........# ...#
#........# ...#
#........### ...#
#..........# ...#
#..........# ...#
#......(...#
...###### #.....@.†#
......... #........#
#'###### ########.#
#.###### #.#
#......##+########.#
#>.....#........##.#
#......#........##.#
#.######........##.#
#.# #........##.#


There were no monsters in sight!

Vanquished Creatures
  3 adders (D:2)
  2 dart slugs
  A leopard gecko (D:2)
  2 bats
  3 giant cockroaches
  7 hobgoblins
  10 jackals
  A quokka (D:2)
  2 frilled lizards
  A goblin (D:2)
  4 kobolds
  2 rats
38 creatures vanquished.

Notes
Turn   | Place    | Note
-------+----------+-------------------------------------------
     0 | D:1      | kae the Draconian Transmuter began the quest for the Orb.
     0 | D:1      | Reached XP level 1. HP: 16/16 MP: 3/3
   375 | D:1      | Reached XP level 2. HP: 20/23 MP: 3/5
   859 | D:1      | Reached skill level 4 in Unarmed Combat
  1035 | D:2      | Reached XP level 3. HP: 27/28 MP: 6/6
  1394 | D:2      | Found a shadowy altar of Dithmenos.
  1618 | D:2      | Found a faded altar of an unknown god.
  1735 | D:2      | Reached XP level 4. HP: 3/35 MP: 5/7
  1736 | D:2      | HP: 1/35 [poisoned by an adder]
  1739 | D:2      | Succumbed to an adder's poison

Skill      XL: |  1  2 |
---------------+-------+-----
Unarmed Combat | 4 |  4.9
Fighting       | |  1.1
Dodging        | |  1.7
Spellcasting   | |  2.0
Transmutations | |  2.0

Action                   |  1- 3 |  4- 6 || total
-------------------------+-------+-------++-------
Melee: Unarmed           |   165 |       ||   165
       Headbutt          |     4 |       ||     4
       Tailslap          |    17 |       ||    17
       Kick              |     3 |       ||     3
       Punch             |     2 |       ||     2
 Cast: Beastly Appendage |     8 |       ||     8
  Use: Scroll            |     4 |     2 ||     6
       Potion            |     2 |     1 ||     3
  Eat: Chunk             |     3 |       ||     3
Armor: Skin              |    54 |       ||    54
Dodge: Dodged            |    89 |       ||    89
Block: Buckler           |     5 |       ||     5
